 Dungeon Crawl Stone Soup version 0.32-a0-361-g289a535 (webtiles) character file.

Game seed: 15126526864881917382

4055 Nithhogg the Lightning Rod (level 10, -3/90 HPs)
             Began as a Mountain Dwarf Fighter on Feb 18, 2024.
             Was a Follower of Qazlal.
             Slain by Harold
             ... wielding a +1 battleaxe of electrocution
              (19 damage)
             ... on level 9 of the Dungeon.
             The game lasted 00:13:04 (7726 turns).

Nithhogg the Lightning Rod (Mountain Dwarf Fighter) Turns: 7726, Time: 00:13:05

Health: -3/90      AC: 14    Str: 23    XL:     10   Next: 4%
Magic:  17/17      EV: 15    Int:  9    God:    Qazlal [*.....]
Gold:   553        SH:  1    Dex: 15    Spells: 9/9 levels left

rFire   . . .        a - +0 war axe
rCold   + . .        (no shield)
rNeg    . . .        s - +8 ring mail of Pimecsed {rC+}
rPois   .            (no helmet)
rElec   .            (no cloak)
rCorr   .            (no gloves)
SInv    .            (no boots)
Will    +....        (no amulet)
Stlth   +            e - +6 ring of dexterity
HPRegen 0.35/turn    w - +5 ring of evasion
MPRegen 0.15/turn

%: no passive effects
@: marked
A: runic magic, artefact enchanting
a: Renounce Religion


You were on level 9 of the Dungeon.
You worshipped Qazlal.
Qazlal was aware of your devotion.
You visited 3 branches of the dungeon, and saw 11 of its levels.

You collected 553 gold pieces.

Inventory:

Hand Weapons
 a - a +0 war axe (weapon)
 i - a +0 triple crossbow
Missiles
 g - 6 atropa-tipped darts (quivered)
 y - 2 poisoned darts
Armour
 b - a +1 scale mail
 c - a +0 buckler
 s - the +8 ring mail of Pimecsed (worn) {rC+}
   (You found it on level 3 of the Dungeon)

   rC+:       It protects you from cold.
 x - a +0 crystal plate armour
Jewellery
 e - a +6 ring of dexterity (left hand)
 p - a ring of wizardry
 t - a ring of protection from fire
 w - a +5 ring of evasion (right hand)
Wands
 m - a wand of charming (7)
 o - a wand of mindburst (3)
Scrolls
 d - a scroll of enchant armour
 h - a scroll of identify
 j - 3 scrolls of teleportation
 r - a scroll of revelation
 v - 2 scrolls of fog
Potions
 f - a potion of degeneration
 l - a potion of invisibility {unknown}
 n - a potion of magic
 q - 2 potions of brilliance {unknown}
 u - a potion of enlightenment {unknown}


   Skills:
 + Level 8.6 Fighting
 + Level 9.0 Axes
 + Level 8.6 Armour
 - Level 3.2 Shields
 + Level 9.4 Invocations


You had 9 spell levels left.
You didn't know any spells.
Your spell library contained the following spells:

 Spells                   Type           Power      Damage    Failure   Level
 Kiss of Death            Conj/Necr      0%         2d5       41%         1
 Confusing Touch          Hex            0%         N/A       78%         3
 Animate Dead             Necr           0%         N/A       99%         4
 Dispel Undead            Necr           0%         3d6       99%         4
 Haunt                    Necr/Summ      0%         N/A       100%        7
 Infestation              Necr           0%         N/A       100%        8


Dungeon Overview and Level Annotations

Branches:
Dungeon (9/15)             Temple (1/1) D:6             Orc (1/2) D:9
   Lair: D:8-11

Altars:
Ashenzari
Cheibriados
Dithmenos
Fedhas
Gozag
Hepliaklqana
Kikubaaqudgha
Makhleb
Nemelex Xobeh
Okawaru
Qazlal
Ru
Sif Muna
Trog
Uskayaw
Vehumet
Xom
Yredelemnul
Zin
The Shining One

Shops:
D:1 :

Annotations:
D:2 1 runed translucent door, Crazy Yiuf
D:6 1 runed translucent door
D:8 Amaemon, Erica, Maurice
D:9 Harold


Innate Abilities, Weirdness & Mutations

Your spellcasting is much less encumbered by armour.
You can use scrolls of enchantment on lesser artefacts.


Message History

You climb downwards.
Level annotation: Harold Harold shouts!
Harold hits you with a +1 battleaxe of electrocution!
Harold hits you with a +1 battleaxe of electrocution.
There is a stone staircase leading up, spattered with blood here.
You can't go down here!
You barely miss Harold.
Harold hits you with a +1 battleaxe of electrocution!
You slash Harold!
Harold is lightly wounded.
Harold hits you with a +1 battleaxe of electrocution.
You slash Harold!
Harold is moderately wounded.
Harold casts a spell at you. A sentinel's mark forms upon you.
You slash Harold!
Harold is heavily wounded.
Harold hits you with a +1 battleaxe of electrocution!
You slash Harold!
Harold is severely wounded.
Harold closely misses you.
You hit Harold but do no damage.
Harold is severely wounded.
Harold hits you with a +1 battleaxe of electrocution!!
You completely miss Harold.
Harold is severely wounded.
Harold hits you with a +1 battleaxe of electrocution!
* * * LOW HITPOINT WARNING * * *
You slash Harold!
Harold is severely wounded.
Harold hits you with a +1 battleaxe of electrocution.
* * * LOW HITPOINT WARNING * * *
You are electrocuted!
* * * LOW HITPOINT WARNING * * *
You feel better.
Harold is engulfed in blazing flames.
Harold says, "Try to look on the bright side.
Your death will help put my children through school."
Harold hits you with a +1 battleaxe of electrocution!!
You die...
Harold says, "Can't wait to tell my little ones about this."

#.. #.. #o####
#....# ####.## ##+#
#..# #... #####.###
#... #.......#
###... #@......#
###.'... ###@......#
#...#...
#.........###.###...
#.#.......##..# #...
######.#.....)....##
#...
+......#.<.....####
####
###########.#### #
#.# #### #.# ###...


You could see Harold.

Vanquished Creatures
  Joseph (D:7)
  Grinder (D:3)
  Sigmund (D:5)
  2 wyverns (D:7)
  Grum (D:7)
  2 steam dragons
  A water moccasin (D:9)
  A black bear (D:5)
  2 sky beasts
  2 orc warriors
  2 ogres
  2 wolves
  4 bullfrogs
  6 scorpions
  A quasit (D:8)
  2 jellies
  3 orc priests
  2 hounds
  A gnoll bouda (D:6)
  2 sleepcaps
  Ijyb (D:3)
  4 orc wizards
  2 adders
  4 gnolls (D:6)
  6 shadow imps
  5 white imps
  7 ufetubi
  3 dart slugs
  22 orcs
  4 bats
  8 endoplasms
  4 giant cockroaches
  5 goblins
  6 hobgoblins
  6 jackals
  2 quokkas
  2 ball pythons (D:3)
  A frilled lizard (D:3)
  8 kobolds
  6 rats
145 creatures vanquished.

Vanquished Creatures (others)
  Pikel (D:7)
  A lemure (D:7)
  An ufetubus (D:8)
3 creatures vanquished.

Grand Total: 148 creatures vanquished

Notes
Turn   | Place    | Note
-------+----------+-------------------------------------------
     0 | D:1      | Nithhogg the Mountain Dwarf Fighter began the quest for the
                  | Orb.
     0 | D:1      | Reached XP level 1. HP: 19/19 MP: 1/1
   107 | D:1      | Reached skill level 1 in Invocations
   107 | D:1      | Reached XP level 2. HP: 26/26 MP: 2/2
   131 | D:1      | Found Ridav's Vocational Training.
   292 | D:1      | Reached XP level 3. HP: 33/33 MP: 4/4
   495 | D:2      | Found a runed translucent door.
   496 | D:2      | Noticed Crazy Yiuf
   861 | D:2      | Reached XP level 4. HP: 38/40 MP: 5/5
  1447 | D:3      | Identified the +8 ring mail of Pimecsed {rC+}
  1843 | D:3      | Noticed Ijyb
  1851 | D:3      | Killed Ijyb
  1995 | D:3      | Noticed Grinder
  2001 | D:3      | Reached XP level 5. HP: 46/46 MP: 7/7
  2012 | D:3      | Killed Grinder
  2013 | D:3      | Reached XP level 6. HP: 30/55 MP: 8/8
  2385 | D:4      | Reached skill level 5 in Fighting
  2703 | D:5      | Entered Level 5 of the Dungeon
  2715 | D:5      | Reached skill level 5 in Armour
  2716 | D:5      | Reached XP level 7. HP: 42/61 MP: 10/10
  2792 | D:5      | Reached skill level 5 in Axes
  2948 | D:5      | Reached skill level 5 in Invocations
  3287 | D:5      | Noticed Sigmund
  3299 | D:5      | Killed Sigmund
  3432 | D:5      | Reached XP level 8. HP: 64/70 MP: 12/12
  4163 | D:6      | Found a staircase to the Ecumenical Temple.
  4333 | Temple   | Entered the Ecumenical Temple
  4348 | Temple   | Became a worshipper of Qazlal Stormbringer
  4645 | D:6      | Found an iron altar of Okawaru.
  4645 | D:6      | Found a runed translucent door.
  4904 | D:6      | Found the +0 toga "Victory" {*Victory Clar}
  5039 | D:7      | Noticed Joseph
  5063 | D:7      | Killed Joseph
  5284 | D:7      | Noticed Pikel
  5293 | D:7      | Reached XP level 9. HP: 73/79 MP: 14/14
  5295 | D:7      | Killed Pikel
  6376 | D:8      | Noticed Amaemon
  6379 | D:8      | Noticed an orange demon
  6403 | D:7      | Reached * piety under Qazlal
  6767 | D:8      | Found a broken altar of Ashenzari.
  6830 | D:9      | Found a staircase to the Orcish Mines.
  7114 | D:9      | Noticed Harold
  7154 | Orc:1    | Entered Level 1 of the Orcish Mines
  7477 | D:8      | Noticed Maurice
  7619 | D:8      | Noticed Grum
  7634 | D:7      | Killed Grum
  7635 | D:7      | Reached XP level 10. HP: 76/90 MP: 15/17
  7645 | D:8      | Noticed Erica
  7726 | D:9      | Slain by Harold

Illustrated notes

Levels and vault maps discovered:
D:1:      psy_arrival_spokes, layout_rooms, nicolae_shop_vocational
D:2:      minmay_door_path, layout_loops_ring, uniq_crazy_yiuf_cottage
D:3:      layout_loops_cross, minmay_cupped, uniq_ijyb, uniq_grinder
D:4:      layout_rooms, minmay_misc_feat_hallway, kennysheep_decorative_pillar
D:5:      layout_loops_ring, serial_bayou_pond_d, grunt_ministairs_7,
          hangedman_decor_growths, minmay_misc_feat_alley, uniq_sigmund
D:6:      layout_gridville, nicolae_overflow_guarded_unrand_okawaru_victory,
          temple_statues
D:7:      layout_rooms, uniq_pikel, uniq_joseph
D:8:      lemuel_ratsnest, layout_basic, evilmike_ruin_ashenzari,
          serial_demonic, serial_demonic_a, serial_demonic_d, serial_demonic_d,
          serial_demonic_a, serial_demonic_f, serial_demonic_f,
          serial_demonic_e, kennysheep_kite_vault, uniq_grum, uniq_maurice,
          uniq_erica, uniq_amaemon
D:9:      layout_roguey, mainiacjoe_overflow_large_starburst, orc_0_dummy,
          uniq_harold
Temple:   eino_narrow_crystal_temple
Orc:1:    layout_diamond_mine

Skill      XL: |  1  2  3  4  5  6  7  8  9 |
---------------+----------------------------+-----
Invocations    | 1 2 3 4 5 7 9 |  9.4
Axes           | 3 4 6 7 9 |  9.0
Fighting       | 4 5 6 7 8 |  8.6
Armour         | 4 5 6 7 8 |  8.6
Shields        | |  3.2

Action                     |  1- 3 |  4- 6 |  7- 9 | 10-12 || total
---------------------------+-------+-------+-------+-------++-------
  Melee: War axe           |    62 |   106 |   363 |    13 ||   544
  Throw: Dart              |       |       |     3 |       ||     3
  Evoke: Wand              |       |       |     1 |       ||     1
    Use: Scroll            |       |     8 |     6 |       ||    14
         Potion            |       |       |     4 |     1 ||     5
 Armour: Scale mail        |    52 |    15 |       |       ||    67
         Ring mail         |       |   104 |   400 |    11 ||   515
  Dodge: Dodged            |    31 |    86 |   410 |     8 ||   535
  Block: Other             |       |       |     4 |       ||     4

Table legend: (Time is in decaauts)
 A = Elapsed time spent in this place.
 B = Non-inter-level travel time spent in this place.
 C = Inter-level travel time spent in this place.
 D = Time resting spent in this place.
 E = Time spent auto-exploring this place.
 F = Levels seen in this place.
 G = Mean time per level.
                   A        B        C        D        E       F      G
               +--------+--------+--------+--------+--------+-----+--------+
         Total |   7839 |   7580 |    259 |   1026 |   5184 |  11 |  712.6 |
       Dungeon |   7758 |   7529 |    229 |   1021 |   5184 |   9 |  862.0 |
        Temple |     30 |      1 |     29 |      0 |      0 |   1 |   30.0 |
  Orcish Mines |     50 |     50 |      0 |      5 |      0 |   1 |   50.0 |
               +--------+--------+--------+--------+--------+-----+--------+

Top non-repeatable levels by time:
     D:6: 1568 daAuts
     D:7: 1382 daAuts
     D:2: 887 daAuts
     D:5: 874 daAuts
     D:3: 846 daAuts
     D:8: 719 daAuts
     D:4: 611 daAuts
     D:1: 481 daAuts
     D:9: 386 daAuts
   Orc:1: 50 daAuts
  Temple: 30 daAuts
